 Dungeon Crawl Stone Soup version 0.31-a0-1338-gb567cfdca4 (webtiles) character file.

Game seed: 1338567110295323539

7291 wildpjah the Blocker (level 11, 0/81 HPs)
             Began as a Formicid Fighter on Dec 22, 2023.
             Was a High Priest of Okawaru.
             Slain by a centaur warrior (13 damage)
             ... on level 13 of the Dungeon.
             The game lasted 00:22:42 (7293 turns).

wildpjah the Blocker (Formicid Fighter)             Turns: 7293, Time: 00:22:43

Health: 0/81       AC: 12    Str: 23    XL:     11   Next: 34%
Magic:  20/20      EV: 13    Int: 10    God:    Okawaru [*****.]
Gold:   155        SH: 19    Dex: 20    Spells: 10/10 levels left

rFire   . . .        n - +0 demon trident (venom)
rCold   . . .        e - +0 tower shield
rNeg    . . .        u - +0 chain mail "Cinyjore" {-Tele rCorr Int+2 Dex+5}
rPois   .            (helmet unavailable)
rElec   .            x - scarf {harm}
rCorr   +            E - +0 pair of gloves
SInv    +            t - +0 pair of boots {rampage}
Will    +....        A - amulet of regeneration Stlth
                     p - +5 ring of evasion
HPRegen 1.13/turn    C - ring of magical power
MPRegen 0.17/turn

%: harm (+30% outgoing, +20% incoming), rampage
@: no status effects
A: permanent stasis, dig shafts and tunnels, antennae 3, four strong arms
a: Dig, Shaft Self, Renounce Religion, Heroism, Finesse, Duel


You were on level 13 of the Dungeon.
You worshipped Okawaru.
Okawaru was extremely pleased with you.
You visited 3 branches of the dungeon, and saw 13 of its levels.

You collected 579 gold pieces.
You spent 424 gold pieces at shops.

Inventory:

Hand Weapons
 a - a +0 long sword
 n - a +0 demon trident of venom (weapon)
 q - a +1 heavy halberd
Missiles
 j - a curare-tipped dart
 m - a boomerang (quivered)
 z - 4 throwing nets
 G - 2 datura-tipped darts
Armour
 b - a +0 scale mail
 e - a +0 tower shield (worn)
 r - a scarf of resistance
 t - a +0 pair of boots of rampaging (worn)
 u - the +0 chain mail "Cinyjore" (worn) {-Tele rCorr Int+2 Dex+5}
   (You bought it in a shop on level 1 of the Dungeon)

   Int+2:     It affects your intelligence (+2).
   Dex+5:     It affects your dexterity (+5).
   -Tele:     It prevents most forms of teleportation.
   rCorr:     It protects you from acid and corrosion.
 w - a +0 cloak
 x - a scarf of harm (worn)
 E - a +0 pair of gloves (worn)
Jewellery
 c - an amulet of guardian spirit
 p - a +5 ring of evasion (left hand)
 A - an amulet of regeneration (around neck)
 C - a ring of magical power (right hand)
Scrolls
 f - a scroll of poison
 i - 2 scrolls of fear
 o - 3 scrolls of amnesia
 s - a scroll of silence
 y - a scroll of enchant weapon
 D - a scroll of brand weapon
 F - 3 scrolls of immolation {unknown}
Potions
 d - 4 potions of might
 g - 5 potions of curing {unknown}
 h - 3 potions of degeneration {unknown}
 k - 5 potions of heal wounds {unknown}
 l - 6 potions of enlightenment {unknown}
 v - 2 potions of attraction {unknown}
 B - 2 potions of haste {unknown}


   Skills:
 + Level 6.2 Fighting
 - Level 2.6 Long Blades
 * Level 11.4 Polearms
 + Level 0.6 Throwing
 + Level 5.6 Armour
 + Level 2.5 Dodging
 + Level 1.1 Stealth
 * Level 13.2 Shields


You had 10 spell levels left.
You didn't know any spells.
Your spell library contained the following spells:

 Spells                   Type           Power      Damage    Failure   Level
 Kiss of Death            Conj/Necr      0%         2d5       99%         1
 Magic Dart               Conj           0%         1d3       99%         1
 Necrotise                Necr           0%         1d4       99%         1
 Slow                     Hex            0%         N/A       99%         1
 Cigotuvi's Dreadful Rot  Necr/Alch/Air  0%         N/A       100%        2
 Searing Ray              Conj           0%         2d4       100%        2
 Sublimation of Blood     Necr           0%         N/A       100%        2
 Confusing Touch          Hex            0%         N/A       100%        3
 Sigil of Binding         Hex            0%         N/A       100%        3
 Vampiric Draining        Necr           0%         2d6       100%        3
 Dispel Undead            Necr           0%         3d6       100%        4
 Fulminant Prism          Conj/Alch      0%         3d5       100%        4
 Ignite Poison            Fire/Alch      0%         N/A       100%        4
 Agony                    Necr           0%         N/A       100%        5
 Arcjolt                  Conj/Air       0%         1d10      100%        5
 Freezing Cloud           Conj/Ice/Air   0%         6-21      100%        5
 Plasma Beam              Fire/Air       0%         2x1d10    100%        6
 Call Imp                 Summ           Unusable   N/A       N/A         2
 Vhi's Electric Charge    Tloc/Air       Unusable   N/A       N/A         4
 Summon Hydra             Summ           Unusable   N/A       N/A         7

Dungeon Overview and Level Annotations

Branches:
Dungeon (10/15)            Temple (1/1) D:5            Lair (1/5) D:8
    Orc: D:9-12

Altars:
Ashenzari
Cheibriados
Fedhas
Gozag
Kikubaaqudgha
Makhleb
Nemelex Xobeh
Okawaru
Ru
Sif Muna
Trog
Uskayaw
Vehumet
Wu Jian
Xom
Yredelemnul
Zin
The Shining One
Jiyva

Shops:
D:1 *   D:3 [   D:9 :

Portals:
Abyss: D:3

Annotations:
D:3 2 transporters, Phlounder's ghost, amateur OpAl
D:8 2 transporters


Innate Abilities, Weirdness & Mutations

You cannot be hasted, slowed, berserked, paralysed or teleported.
You can dig through walls and to a lower floor.
You have a pair of large antennae on your head. (SInv)
Your four strong arms can wield two-handed weapons with a shield.


Message History

Unknown command.
You hit the centaur warrior but do no damage.
The centaur warrior looks as sick as possible!
The centaur warrior is heavily wounded.
You block the centaur warrior's attack.
The centaur warrior kicks you but does no damage.
You block the acid dragon's attack. x2
Unknown command.
You closely miss the centaur warrior.
The centaur warrior is heavily wounded.
The centaur warrior completely misses you.
The centaur warrior barely misses you.
The centaur warrior hits you but does no damage.
You block the centaur warrior's attack. You block the acid dragon's attack.
The acid dragon misses you.
You puncture the centaur warrior!
The centaur warrior is almost dead.
The centaur warrior hits you!
* * * LOW HITPOINT WARNING * * *
You block the centaur warrior's attack. The acid dragon spits acid at you.
The splash of acid misses you.
You hit the centaur warrior.
The centaur warrior is almost dead.
The centaur warrior hits you.
* * * LOW HITPOINT WARNING * * *
You block the centaur warrior's attack. x2
The centaur warrior closely misses you. You block the acid dragon's attack. x2
Unknown command.
You hit the centaur warrior.
The centaur warrior looks as sick as possible!
The centaur warrior is almost dead.
The centaur warrior hits you.
* * * LOW HITPOINT WARNING * * *
You block the centaur warrior's attack.
Unknown command.
You closely miss the centaur warrior.
The centaur warrior is almost dead.
You block the acid dragon's attack. x2; The centaur warrior hits you!
You die...

###.. #.#...#...#
#.#. #.#...#.###
#.## #.#...#.# .#
#.#...#.# #.
##.......# ... {
#.......## ....
#........##.....
..........))......
#.###..#.##.@##.....
.......#Dc# .###
..........# #
####.##.##.#
#.......# .## ### #


You could see a centaur warrior (extremely poisoned) and an acid dragon
(catching breath).

Vanquished Creatures
  A centaur warrior (D:13)
  2 two-headed ogres
  Urug (D:10)
  Pikel (D:8)
  A cyclops (D:13)
  Maggie (D:8)
  Grinder (D:5)
  A troll (D:9)
  A vampire (D:10)
  2 shadows
  5 steam dragons
  A water moccasin (D:6)
  2 sky beasts
  Duvessa (D:5)
  An orc warrior (D:9)
  2 black bears (D:4)
  2 ogres (D:5)
  3 centaurs
  A lemure (D:8)
  2 kobold brigands (D:9)
  A bullfrog (D:9)
  2 scorpions (D:5)
  5 wights (D:8)
  Dowan (D:5)
  A jelly (D:8)
  A crimson imp (D:4)
  2 hounds
  A gnoll bouda (D:7)
  4 iguanas
  4 sleepcaps
  An orc wizard (D:9)
  11 gnolls
  5 adders
  A shadow imp (D:7)
  2 white imps
  A bombardier beetle (D:5)
  4 ufetubi
  2 worms
  2 dart slugs
  4 orcs
  8 ball pythons
  5 bats
  6 endoplasms
  5 giant cockroaches
  9 goblins
  10 hobgoblins
  3 jackals (D:3)
  3 quokkas
  3 frilled lizards
  21 kobolds
  8 rats
168 creatures vanquished.

Vanquished Creatures (others)
  A sky beast (D:7)
1 creature vanquished.

Grand Total: 169 creatures vanquished

Notes
Turn   | Place    | Note
-------+----------+-------------------------------------------
     0 | D:1      | wildpjah the Formicid Fighter began the quest for the Orb.
     0 | D:1      | Reached XP level 1. HP: 18/18 MP: 1/1
   246 | D:1      | Reached XP level 2. HP: 24/24 MP: 2/2
   281 | D:1      | HP: 1/24 [poisoned by a goblin]
   430 | D:1      | Found Hysiox's Assorted Antiques.
   541 | D:1      | Reached XP level 3. HP: 29/29 MP: 3/3
   750 | D:2      | Reached skill level 5 in Shields
   978 | D:2      | Reached XP level 4. HP: 28/35 MP: 4/4
  1702 | D:3      | Reached skill level 1 in Polearms
  1750 | D:3      | Found a transporter.
  1750 | D:3      | Found a transporter.
  1756 | D:3      | Found a one-way gate to the infinite horrors of the Abyss.
  1756 | D:3      | Noticed Phlounder's ghost (amateur OpAl)
  1765 | D:3      | Reached XP level 5. HP: 41/41 MP: 5/5
  1839 | D:3      | Noticed a small abomination
  1840 | D:3      | Noticed a kobold brigand
  2163 | D:3      | Found Boluiruy's Armour Shop.
  2323 | D:1      | Bought a pair of embroidered boots for 187 gold pieces
  2886 | D:4      | Reached skill level 6 in Shields
  2893 | D:4      | Noticed a black bear
  2898 | D:4      | Killed a black bear
  2899 | D:4      | Reached XP level 6. HP: 47/47 MP: 6/6
  3078 | D:4      | Noticed a black bear
  3085 | D:4      | Killed a black bear
  3086 | D:4      | Reached XP level 7. HP: 49/53 MP: 7/7
  3106 | D:4      | Found a shimmering altar of Xom.
  3106 | D:4      | Found a burning altar of Makhleb.
  3132 | D:4      | Reached skill level 7 in Shields
  3369 | D:5      | Entered Level 5 of the Dungeon
  3369 | D:5      | Noticed Grinder
  3377 | D:5      | Killed Grinder
  3378 | D:5      | Reached skill level 5 in Polearms
  3458 | D:5      | Noticed Dowan
  3459 | D:5      | Noticed Duvessa
  3474 | D:5      | Reached XP level 8. HP: 60/60 MP: 8/8
  3482 | D:5      | Killed Duvessa
  3483 | D:5      | Reached skill level 1 in Dodging
  3494 | D:5      | Killed Dowan
  3720 | D:5      | Found a hide-covered altar of Uskayaw.
  3870 | D:5      | Found a staircase to the Ecumenical Temple.
  3893 | Temple   | Entered the Ecumenical Temple
  3898 | Temple   | Became a worshipper of Warmaster Okawaru
  4207 | D:6      | Noticed a shadow
  4221 | D:6      | Reached skill level 8 in Shields
  4226 | D:6      | Killed a shadow
  4227 | D:6      | Reached XP level 9. HP: 50/66 MP: 9/9
  4764 | D:7      | Found a bloodstained altar of Trog.
  4879 | D:7      | HP: 3/66 [steam dragon/ball of steam (18)]
  4886 | D:7      | Reached * piety under Okawaru
  4888 | D:7      | HP: 3/66 [steam dragon] (10)]
  4891 | D:7      | Reached skill level 9 in Shields
  5356 | D:8      | Reached skill level 10 in Shields
  5386 | D:8      | Noticed Maggie
  5395 | D:8      | Killed Maggie
  5395 | D:8      | Reached ** piety under Okawaru
  5396 | D:8      | Reached XP level 10. HP: 52/73 MP: 10/10
  5506 | D:8      | Noticed a two-headed ogre
  5516 | D:8      | Killed a two-headed ogre
  5517 | D:8      | Reached skill level 5 in Fighting
  5517 | D:8      | Reached skill level 10 in Polearms
  5644 | D:8      | Found a staircase to the Lair.
  5691 | D:8      | Found a glowing silver altar of Zin.
  5725 | D:8      | Noticed Pikel
  5737 | D:8      | Killed Pikel
  5737 | D:8      | Reached *** piety under Okawaru
  5738 | D:8      | Reached skill level 11 in Shields
  5749 | D:8      | Found a snail-covered altar of Cheibriados.
  5750 | D:8      | Found a blossoming altar of Fedhas.
  5910 | D:1      | Bought a scorched chain mail for 237 gold pieces
  5910 | D:1      | Identified the +0 chain mail "Cinyjore" {-Tele rCorr Int+2
                  | Dex+5} (You bought it in a shop on level 1 of the Dungeon)
  6058 | Lair:1   | Entered Level 1 of the Lair of Beasts
  6180 | D:8      | Found a broken altar of Ashenzari.
  6181 | D:8      | Found a glowing golden altar of the Shining One.
  6353 | D:8      | Found a transporter.
  6357 | D:8      | Found a viscous altar of Jiyva.
  6357 | D:8      | Found a transporter.
  6511 | D:9      | Noticed a two-headed ogre
  6518 | D:9      | Killed a two-headed ogre
  6518 | D:9      | Reached **** piety under Okawaru
  6519 | D:9      | Reached skill level 5 in Armour
  6565 | D:9      | Found a sacrificial altar of Ru.
  6888 | D:9      | Reached skill level 12 in Shields
  6888 | D:9      | Reached XP level 11. HP: 66/81 MP: 11/11
  7028 | D:9      | Found Qokkur's Book Emporium.
  7131 | D:10     | Entered Level 10 of the Dungeon
  7153 | D:10     | Noticed Urug
  7172 | D:10     | Killed Urug
  7172 | D:10     | Reached ***** piety under Okawaru
  7178 | D:10     | You fall into a shaft and drop 3 floors!
  7231 | D:13     | Noticed a cyclops
  7237 | D:13     | Killed a cyclops
  7237 | D:13     | Received a gift from Okawaru
  7273 | D:13     | Noticed a centaur warrior
  7273 | D:13     | Noticed a centaur warrior
  7283 | D:13     | Killed a centaur warrior
  7284 | D:13     | Reached skill level 1 in Stealth
  7284 | D:13     | Reached skill level 13 in Shields
  7293 | D:13     | Slain by a centaur warrior

Illustrated notes

Levels and vault maps discovered:
D:1:      matt_arrival_spirals, layout_rooms, serial_shops,
          nicolae_shop_overgrown_old_shop
D:2:      layout_basic, minmay_misc_feat_tower, minmay_misc_feat_more_columns,
          minmay_heptomino_d4
D:3:      cheibrodos_old_hovel, layout_basic, gammafunk_ghost_abyssal_escape,
          serial_shops, nicolae_shop_real_fake_doors
D:4:      layout_loops_ring, grunt_temple_overflow_champion_of_chaos
D:5:      layout_rooms, mainiacjoe_overflow_catwalk, temple_pool_b,
          uniq_grinder, uniq_duvessa
D:6:      layout_rooms
D:7:      layout_rooms, trog_hazing_becter
D:8:      gammafunk_jiyva_shrine, layout_loops_ring,
          mainiacjoe_overflow_alcove_4, mainiacjoe_overflow_alcove_3,
          dpeg_oklobed_lair, uniq_pikel, uniq_maggie
D:9:      layout_irregular_city, mainiacjoe_overflow_24_doors, serial_shops,
          shop, serial_bayou_crossing
D:10:     layout_rooms, nzn_hepliaklqana_mist_gate, elyvilon_altar_3,
          mainiacjoe_overflow_small_starburst, kennysheep_little_box,
          serial_shops, nicolae_shop_back_alley_shop, enter_bailey_5,
          serial_undead, serial_undead_f, serial_undead_d, serial_undead_b,
          serial_undead_d, uniq_urug, uniq_joseph
D:13:     layout_loops_cross, nicolae_shop_i_like_small_books_too, st_stairs_7,
          hangedman_abyss_or_decor_slice, kennysheep_small_circle
Temple:   hellmonk_temple_of_storms
Lair:1:   gammafunk_lair_enchanted_lake, layout_regular_city, basic_altar,
          beast_lair_carwin_1, serial_bayou_shore_b

Skill      XL: |  1  2  3  4  5  6  7  8  9 10 11 |
---------------+----------------------------------+-----
Shields        | 5 6 7 8 10 12 13 | 13.2
Polearms       | 1 3 4 5 7 9 10 11 | 11.4
Fighting       | 4 5 6 |  6.2
Dodging        | 1 2 |  2.5
Armour         | 4 5 |  5.6
Stealth        | 1 |  1.1
Long Blades    | |  2.6
Throwing       | |  0.6

Action                     |  1- 3 |  4- 6 |  7- 9 | 10-12 || total
---------------------------+-------+-------+-------+-------++-------
  Melee: Long sword        |   118 |     3 |       |       ||   121
         Demon trident     |       |    93 |   228 |   145 ||   466
  Throw: Dart              |       |       |     2 |     2 ||     4
Ability: Shaft Self        |       |       |       |     1 ||     1
    Use: Scroll            |       |       |     8 |     4 ||    12
 Armour: Scale mail        |    74 |    27 |    71 |     8 ||   180
         Chain mail        |       |       |       |    73 ||    73
  Dodge: Dodged            |    34 |    28 |    71 |    52 ||   185
  Block: Tower shield      |   128 |    62 |   187 |   190 ||   567

Table legend: (Time is in decaauts)
 A = Elapsed time spent in this place.
 B = Non-inter-level travel time spent in this place.
 C = Inter-level travel time spent in this place.
 D = Time resting spent in this place.
 E = Time spent auto-exploring this place.
 F = Levels seen in this place.
 G = Mean time per level.
                   A        B        C        D        E       F      G
               +--------+--------+--------+--------+--------+-----+--------+
         Total |   7461 |   6801 |    660 |      8 |   5326 |  13 |  573.9 |
       Dungeon |   7426 |   6774 |    652 |      8 |   5324 |  11 |  675.1 |
        Temple |     10 |      2 |      8 |      0 |      0 |   1 |   10.0 |
          Lair |     24 |     24 |      0 |      0 |      2 |   1 |   24.0 |
               +--------+--------+--------+--------+--------+-----+--------+

Top non-repeatable levels by time:
     D:2: 1093 daAuts
     D:3: 956 daAuts
     D:8: 909 daAuts
     D:5: 882 daAuts
     D:1: 827 daAuts
     D:4: 783 daAuts
     D:9: 737 daAuts
     D:6: 555 daAuts
     D:7: 524 daAuts
    D:13: 112 daAuts
    D:10: 43 daAuts
  Lair:1: 24 daAuts
  Temple: 10 daAuts
